 Dungeon Crawl Stone Soup version 0.28.0-45-g0d030f2227 (webtiles) character file.

Game seed: 4757037492822485914

18 zeratav the Insei (level 2, 0/18 HPs)
             Began as an Octopode Transmuter on Apr 14, 2022.
             Succumbed to an adder's poison
             ... on level 2 of the Dungeon.
             The game lasted 00:01:21 (1180 turns).

zeratav the Insei (Octopode Transmuter)             Turns: 1180, Time: 00:01:21

Health: 0/18       AC:  1    Str:  9    XL:     2   Next: 70%
Magic:  0/5        EV: 13    Int: 15    God:
Gold:   41         SH:  0    Dex: 12    Spells: 4/5 levels left

rFire   . . .      SeeInvis .     - Unarmed
rCold   . . .      Faith    .   (no shield)
rNeg    . . .      Spirit   .   (helmet currently unavailable)
rPois   .          Reflect  .   (no amulet)
rElec   .          Harm     .   (no ring)
rCorr   .          Rampage  .   (no ring)
Will    .....                   (no ring)
Stlth   ++........              (no ring)
HPRegen 0.06/turn               (no ring)
MPRegen 0.09/turn               (no ring)
                                (no ring)
                                (no ring)

@: lethally poisoned (0 -> -2), appendages, very slightly contaminated
A: tentacle spike 3, almost no armour, amphibious, 8 rings, camouflage 1,
gelatinous body 1, (nimble swimmer 1), tentacles
a: End Transformation


You were on level 2 of the Dungeon.
One of your tentacles had grown a beastly spike.
You visited 1 branch of the dungeon, and saw 2 of its levels.

You collected 41 gold pieces.


Innate Abilities, Weirdness & Mutations

One of your tentacles has grown a beastly spike.
You cannot wear most types of armour.
You are amphibious.
You can wear up to eight rings at the same time.
Your skin changes colour to match your surroundings (Stealth+).
Your rubbery body absorbs attacks. (AC +1, EV +1)
((You are camouflaged when in or above water. (Stealth+)))
You have tentacles for arms and can constrict up to eight enemies at once.


   Skills:
 - Level 1.0 Fighting
 - Level 2.0 Dodging
 - Level 0.1 Stealth
 + Level 3.9 Unarmed Combat
 - Level 2.0 Spellcasting
 - Level 2.0 Transmutations


You had 4 spell levels left.
You knew the following spells:

 Your Spells              Type           Power      Damage    Failure   Level
a - Beastly Appendage     Tmut           14%        N/A       10%         1

Your spell library contained the following spells:

 Spells                   Type           Power      Damage    Failure   Level
 Wereblood                Tmut           7%         N/A       14%         2
 Spider Form              Tmut/Pois      4%         N/A       41%         3
 Ice Form                 Ice/Tmut       4%         N/A       82%         4

Inventory:

Scrolls
 a - a scroll of fog {unknown}
 b - a scroll of amnesia {unknown}

Dungeon Overview and Level Annotations

Branches:
Dungeon (2/15)

Altars:

######.##≈≈≈≈####.
#...<....≈≈≈≈≈....
.###.#######≈≈≈≈≈####
......######≈≈≈≈#
$..........≈≈≈≈#
#...######≈≈≈≈# #...
##≈≈≈≈#
#..?#####≈≈≈≈≈#
#...@....≈≈≈≈≈#
##..#####≈≈≈≈## #..
≈≈≈≈≈.# .... .≈≈≈≈≈.#
.##.# #≈≈≈≈≈..# #. #.
#≈≈≈≈≈### # #.
≈≈≈≈≈.# .. .≈≈≈≈≈##


There were no monsters in sight!


Message History

You tentacle-slap the ball python. Your grab misses the ball python.
The ball python closely misses you. The ball python constricts you.
You tentacle-slap the ball python.
You kill the ball python!
HP[+1]
Your hp is fully restored (18).
No target in view!
No target in view!
No target in view!
No target in view!
No target in view!
No target in view!
No target in view!
No target in view!
No target in view!
No target in view!
No target in view!
No target in view!
No target in view!
Your tentacle spike disappears.
An adder comes into view.
The adder hisses angrily.
MP[+1]
Your mp is fully restored (5).
You miscast Beastly Appendage.
You are very lightly contaminated with residual magic.
Nothing appears to happen.
The adder bites you.
HP[-4] MP[-1]
You take 4 damage, and now have 14/18 hp.
MASSIVE DAMAGE!! (PAUSE)
You lost 1 mp, and now have 4/5 mp.
You tentacle-slap the adder. Your grab misses the adder. The adder bites you.
You are poisoned.
The adder poisons you!
HP[-2]
You take 2 damage, and now have 12/18 hp.
You are too injured to fight recklessly!
You are too injured to fight recklessly!
You are too injured to fight recklessly!
You are too injured to fight recklessly!
You are too injured to fight recklessly!
You are too injured to fight recklessly!
You are too injured to fight recklessly!
You are too injured to fight recklessly!
You are too injured to fight recklessly!
You are too injured to fight recklessly!
You are too injured to fight recklessly!
Casting: Beastly Appendage (safe; 10% risk of failure)
Confirm with . or Enter, or press ? or * to list all spells.
One of your tentacles grows a vicious spike.
Your transformation is almost over.
You feel sick. The adder barely misses you.
HP[-1] MP[-1]
You take 1 damage, and now have 11/18 hp.
You lost 1 mp, and now have 3/5 mp.
Casting: Beastly Appendage (safe; 10% risk of failure)
Confirm with . or Enter, or press ? or * to list all spells.
You miscast Beastly Appendage.
Nothing appears to happen.
You feel sick. The adder bites you.
* * * LOW HITPOINT WARNING * * *
You are lethally poisoned!
The adder poisons you! The adder bites you.
* * * LOW HITPOINT WARNING * * *
HP[-6] MP[-1]
You take 6 damage, and now have 5/18 hp.
MASSIVE DAMAGE!! (PAUSE)
You lost 1 mp, and now have 2/5 mp.
Casting: Beastly Appendage (safe; 10% risk of failure)
Confirm with . or Enter, or press ? or * to list all spells.
You extend your transformation's duration.
* * * LOW HITPOINT WARNING * * *
You feel sick. The adder barely misses you.
HP[-2] MP[-1]
You take 2 damage, and now have 3/18 hp.
You lost 1 mp, and now have 1/5 mp.
Casting: Beastly Appendage (safe; 10% risk of failure)
Confirm with . or Enter, or press ? or * to list all spells.
You extend your transformation's duration.
* * * LOW HITPOINT WARNING * * *
You feel sick. The adder bites you but does no damage.
HP[-1] MP[-1]
You take 1 damage, and now have 2/18 hp.
You lost 1 mp, and now have 0/5 mp.
Casting: Beastly Appendage (safe; 10% risk of failure)
Confirm with . or Enter, or press ? or * to list all spells.
You don't have enough magic to cast this spell.
Casting: Beastly Appendage (safe; 10% risk of failure)
Confirm with . or Enter, or press ? or * to list all spells.
You don't have enough magic to cast this spell.
You barely miss the adder. Your grab misses the adder.
* * * LOW HITPOINT WARNING * * *
You feel sick. The adder barely misses you.
HP[-1]
You take 1 damage, and now have 1/18 hp.
You tentacle-slap the adder. You grab the adder. You constrict the adder.
The adder closely misses you.
You tentacle-slap the adder but do no damage.
Your tentacle spike misses the adder.
You squeeze the adder.
You kill the adder!
You die...

Action                   || total
-------------------------++-------
Melee: Unarmed           ||    34
       Constrict         ||    11
       Kick              ||     8
       Tentacles         ||     7
 Cast: Beastly Appendage ||    17
 Stab: Sleeping          ||     6
Armor: Skin              ||     7
Dodge: Dodged            ||    21

Levels and vault maps discovered:
D:1:      elethiomel_arrival_quiet, layout_loops_corners, minmay_misc_feat_chi
D:2:      wander_river, layout_loops_ring,
          shapermc_ecumenical_altar_mp_ritualfount, uniq_jessica

Notes
Turn   | Place    | Note
-------+----------+-------------------------------------------
     0 | D:1      | zeratav the Octopode Transmuter began the quest for the
                  | Orb.
     0 | D:1      | Reached XP level 1. HP: 13/13 MP: 3/3
     0 | D:1      | magus.rc [v1.9.6]
   172 | D:1      | Reached XP level 2. HP: 18/18 MP: 3/5
  1176 | D:2      | HP: 3/18 [poisoned by an adder]
  1178 | D:2      | HP: 1/18 [poisoned by an adder]
  1180 | D:2      | Succumbed to an adder's poison

Vanquished Creatures
  An adder (D:2)
  A dart slug (D:1)
  A giant cockroach (D:1)
  2 goblins (D:1)
  A hobgoblin (D:1)
  A quokka (D:1)
  2 ball pythons
  2 bats (D:1)
  A frilled lizard (D:1)
  4 kobolds (D:1)
  A rat (D:1)
17 creatures vanquished.

Table legend:
 A = Non-vault XP
 B = Vault XP
 C = Vault XP percentage of total XP
 D = Non-vault monster count
 E = Vault monster count
 F = Vault count percentage of total count
                 A         B        C        D         E       F
            +---------+---------+-------+---------+---------+-------
      Total |      40 |       0 |   0.0 |      17 |       0 |   0.0
            +---------+---------+-------+---------+---------+-------
        D:1 |      25 |       0 |   0.0 |      15 |       0 |   0.0
        D:2 |      15 |       0 |   0.0 |       2 |       0 |   0.0
            +---------+---------+-------+---------+---------+-------

Illustrated notes

Table legend:
 A = Kills in this place as a percentage of kills in entire the game.
 B = Kills by you in this place as a percentage of kills by you in the entire game.
 C = Kills by friends in this place as a percentage of kills by friends in the entire game.
 D = Other kills in this place as a percentage of other kills in the entire game.
 E = Experience gained in this place as a percentage of experience gained in the entire game.
 F = Experience gained in this place divided by the number of levels of this place that you have seen.
                   A       B       C       D       E      F
               +-------+-------+-------+-------+-------+----------------------
         Total | 100.0 | 100.0 |   N/A |   N/A | 100.0 |  20.0
       Dungeon | 100.0 | 100.0 |   N/A |   N/A | 100.0 |  20.0
               +-------+-------+-------+-------+-------+----------------------

Table legend: (Time is in decaauts)
 A = Elapsed time spent in this place.
 B = Non-inter-level travel time spent in this place.
 C = Inter-level travel time spent in this place.
 D = Time resting spent in this place.
 E = Time spent auto-exploring this place.
 F = Levels seen in this place.
 G = Mean time per level.
                   A        B        C        D        E       F      G
               +--------+--------+--------+--------+--------+-----+--------+
         Total |   1178 |   1152 |     26 |      0 |   1029 |   2 |  589.0 |
       Dungeon |   1178 |   1152 |     26 |      0 |   1029 |   2 |  589.0 |
               +--------+--------+--------+--------+--------+-----+--------+

Top non-repeatable levels by time:
     D:1: 1124 daAuts
     D:2: 53 daAuts
